 Dungeon Crawl Stone Soup version 0.22-a0-305-gd21a89c (webtiles) character file.

336 Amnesiac the Covered (level 6, 39/47 HPs)
             Began as a Mummy Fighter on Mar 31, 2018.
             Was an Initiate of Gozag.
             Quit the game on level 3 of the Dungeon.
             The game lasted 00:04:41 (3145 turns).

Amnesiac the Covered (Mummy Fighter)                Turns: 3145, Time: 00:04:42

Health: 39/47      AC:  6    Str: 20    XL:     6   Next: 28%
Magic:  6/6        EV:  8    Int:  9    God:    Gozag
Gold:   241        SH: 10    Dex:  8    Spells: 5/5 levels left

rFire    x . .     SeeInvis .   a - +0 long sword
rCold    + . .     Gourm    .   c - +1 shield
rNeg     + + +     Faith    .   b - +0 scale mail
rPois    ∞         Spirit   .   (no helmet)
rElec    .         Reflect  .   (no cloak)
rCorr    .         Harm     .   (no gloves)
MR       +....                  (no boots)
Stlth    ..........             (no amulet)
HPRegen  0.15/turn              h - ring of protection from magic
MPRegen  0.10/turn              n - -3 ring of dexterity (curse)

@: gold aura
A: no food or potions, fire vulnerability, cold resistance 1, negative energy
resistance 3, torment resistance, unbreathing
a: Potion Petition, Call Merchant, Bribe Branch, Renounce Religion


You were on level 3 of the Dungeon.
You worshipped Gozag.
Gozag was aware of your devotion.
You were not hungry.

You visited 1 branch of the dungeon, and saw 4 of its levels.

You collected 301 gold pieces.
You paid 60 gold pieces to Gozag.

Inventory:

Hand Weapons
 a - a +0 long sword (weapon)
Missiles
 l - 72 stones (quivered)
Armour
 b - a +0 scale mail (worn)
 c - a +1 shield (worn)
Jewellery
 h - a ring of protection from magic (left hand)
 k - an uncursed ring of fire
 n - a cursed -3 ring of dexterity (right hand)
Wands
 j - a wand of flame (22)
 m - a wand of digging (13)
Scrolls
 i - a scroll of magic mapping {!r}


   Skills:
 - Level 3.0 Fighting
 - Level 3.0 Long Blades
 - Level 3.3 Armour
 - Level 3.0 Dodging
 - Level 3.3 Shields
 + Level 0.0 Evocations


You had 5 spell levels left.
You didn't know any spells.

Dungeon Overview and Level Annotations

Branches:
Dungeon (4/15)
 Temple: D:4-7

Altars:
Gozag
Makhleb
Qazlal


Innate Abilities, Weirdness & Mutations

You do not eat or drink.
Your flesh is vulnerable to fire.
You are immune to poison.
Your flesh is cold resistant. (rC+)
You are immune to negative energy. (rN+++)
You are immune to unholy pain and torment.
You can survive without breathing.


Message History

Done exploring.
No target in view!
Search for what [? for help]? plate Can't find anything matching that.
There is a stone staircase leading down here.
You climb downwards.
Level annotation: Menkaure
There is a stone staircase leading up here.
Menkaure shouts!
Menkaure is too close now for your liking.
Menkaure is nearby!
Menkaure is nearby!
Put on which piece of jewellery? (? for menu, Esc to quit)
Okay, then.
You start waiting.
Evoke which item? (* to show all) (? for menu, Esc to quit)
Aiming: Throw Flame
Press: ? - help, Shift-Dir - straight line, f - Menkaure
Aim: Menkaure The puff of flame hits Menkaure.
Menkaure is burned terribly!
Menkaure is moderately damaged.
Evoke which item? (* to show all) (? for menu, Esc to quit)
Aiming: Throw Flame
Press: ? - help, Shift-Dir - straight line, f/p - Menkaure
Aim: Menkaure (moderately damaged)
The puff of flame misses Menkaure.
Evoke which item? (* to show all) (? for menu, Esc to quit)
Aiming: Throw Flame
Press: ? - help, Shift-Dir - straight line, f/p - Menkaure
Aim: Menkaure (moderately damaged)
The puff of flame hits Menkaure.
Menkaure is burned terribly!
Menkaure is heavily damaged.
Evoke which item? (* to show all) (? for menu, Esc to quit)
Aiming: Throw Flame
Press: ? - help, Shift-Dir - straight line, f/p - Menkaure
Aim: Menkaure (heavily damaged)
The puff of flame hits Menkaure.
Menkaure is heavily damaged.
You block Menkaure's attack.
Evoke which item? (* to show all) (? for menu, Esc to quit)
Aiming: Throw Flame
Press: ? - help, Shift-Dir - straight line, f/p - Menkaure
Aim: Menkaure (heavily damaged)
The puff of flame hits Menkaure.
Menkaure is burned terribly!
Menkaure is almost destroyed.
Menkaure hits you!
You barely miss Menkaure.
Menkaure is almost destroyed.
Menkaure completely misses you.
You hit Menkaure.
You destroy Menkaure!
Training target 3.0 for Armour reached!
Training target 3.0 for Shields reached!
Your Armour skill increases to level 3!
Your Shields skill increases to level 3!
You need to enable at least one skill for training.
You have reached level 6!
Your experience leads to an increase in your attributes!
Your base attributes are Str 20, Int 8, Dex 11.
Increase (S)trength, (I)ntelligence, or (D)exterity?
You feel clever.
Quiver which item? (- for none, * to show all) (? for menu, Esc to quit)
Okay, then.
Are you sure you want to abandon this character and quit the game? (Confirm with "yes".)

#....!......# #.........
##...........###########.........
.................................
##................##....M........
#...........####.##.............
#...........####.##.............
#####.......##....#..............
............##.####.......####...
#####.......##.#@##.......#####..
.................$.......(<......
#####.......##.#.###......#......
# #.......##.#.# #......#...... #
#..........#.# #......#......
#####.......####.# ##############
............# ..#
...#........#.####
.#.#........#.#..#


There were no monsters in sight!

Vanquished Creatures
  Menkaure (D:3)
  Jessica (D:3)
  Terence (D:2)
  2 worker ants
  5 adders
  An ooze (D:3)
  5 dart slugs
  4 leopard geckos
  An orc (D:4)
  3 bats
  2 giant cockroaches
  5 goblins
  3 hobgoblins
  3 jackals (D:4)
  6 kobolds
  A quokka (D:2)
  A ball python (D:1)
  6 frilled lizards
  5 rats
56 creatures vanquished.

Notes
Turn   | Place    | Note
-------+----------+-------------------------------------------
     0 | D:1      | Amnesiac the Mummy Fighter began the quest for the Orb.
     0 | D:1      | Reached XP level 1. HP: 18/18 MP: 1/1
   128 | D:1      | Reached XP level 2. HP: 24/24 MP: 2/2
   146 | D:1      | Reached skill level 1 in Dodging
   476 | D:3      | Reached XP level 3. HP: 20/29 MP: 3/3
   601 | D:3      | Found a burning altar of Makhleb.
   906 | D:4      | Noticed Menkaure
  1268 | D:4      | Reached XP level 4. HP: 28/35 MP: 4/4
  1298 | D:4      | Found a stormy altar of Qazlal.
  1612 | D:3      | Noticed Jessica
  1616 | D:3      | Killed Jessica
  1631 | D:3      | Found an opulent altar of Gozag.
  1660 | D:3      | Became a worshipper of Gozag Ym Sagoz the Greedy
  2274 | D:2      | Reached XP level 5. HP: 41/41 MP: 5/5
  2377 | D:2      | Noticed Terence
  2385 | D:2      | Killed Terence
  3144 | D:3      | Killed Menkaure
  3144 | D:3      | Reached XP level 6. HP: 38/47 MP: 6/6
  3145 | D:3      | Quit the game

Vault maps used:
D:1:      dpeg_arrival_simpleton_a
D:2:      uniq_terence
D:3:      nicolae_overflow_crystal_walls, nicolae_overflow_hidden_temple,
          grunt_gozag_breadcrumbs, uniq_jessica
D:4:      overflow_temple_1_default, old_standard_altar, uniq_blork_the_orc,
          uniq_menkaure

Skill      XL: |  1  2  3  4  5 |
---------------+----------------+-----
Long Blades    | 2 3 |  3.0
Dodging        | 1 2 3 |  3.0
Armour         | 3 |  3.3
Shields        | 3 |  3.3
Fighting       | |  3.0

Action                   |  1- 3 |  4- 6 || total
-------------------------+-------+-------++-------
Melee: Long sword        |    83 |   116 ||   199
Evoke: Wand              |       |     5 ||     5
  Use: Scroll            |     2 |     3 ||     5
Armor: Scale mail        |    34 |    45 ||    79
Dodge: Dodged            |    22 |    50 ||    72
Block: Shield            |    37 |    65 ||   102
       Rpst.: Long sword |     8 |    19 ||    27

Table legend:
 A = Spawn XP
 B = Non-spawn XP
 C = Spawn XP percentage of total XP
 D = Spawn monster count
 E = Non-spawn monster count
 F = Spawn count percentage of total count
 G = Total turns spent on level
                    A         B        C        D         E        F      G
               +---------+---------+-------+---------+---------+-------+---------
         Total |       0 |     480 |   0.0 |       0 |      56 |   0.0 |  3145
               +---------+---------+-------+---------+---------+-------+---------
           D:1 |       0 |      43 |   0.0 |       0 |      17 |   0.0 |   574
           D:2 |       0 |     118 |   0.0 |       0 |      22 |   0.0 |  1151
           D:3 |       0 |     271 |   0.0 |       0 |      11 |   0.0 |  1020
           D:4 |       0 |      48 |   0.0 |       0 |       6 |   0.0 |   400
               +---------+---------+-------+---------+---------+-------+---------
